 Dungeon Crawl Stone Soup version 0.31.0-32-g396128a36d (webtiles) character file.

Game seed: 14020216460713969008

85 H0rd4k the Insei (level 4, 0/29 HPs)
             Began as an Octopode Artificer on Apr 23, 2024.
             Succumbed to a scorpion's poison
             ... on level 4 of the Dungeon.
             The game lasted 00:01:41 (1469 turns).

H0rd4k the Insei (Octopode Artificer)               Turns: 1469, Time: 00:01:42

Health: 0/29       AC:  1    Str: 11    XL:     4   Next: 48%
Magic:  4/4        EV: 13    Int: 15    God:
Gold:   125        SH:  0    Dex: 12    Spells: 3/3 levels left

rFire   + .          .
                       - Unarmed
rCold   + . .        (no shield)
rNeg    . . .        (helmet restricted)
rPois   +            (no amulet)
rElec   +            (no ring)
rCorr   +            (no ring)
SInv    .            (no ring)
Will    .....        (no ring)
Stlth   +++          (no ring)
HPRegen 0.24/turn    (no ring)
MPRegen 0.09/turn    (no ring)
                     (no ring)

%: no passive effects
@: lethally poisoned (0 -> -6), resistant, attractive, hasted, very quick
A: almost no armour, amphibious, 8 rings, camouflage 1, gelatinous body 1,
(nimble swimmer 1), tentacles
a: no special abilities


You were on level 4 of the Dungeon.
You visited 1 branch of the dungeon, and saw 4 of its levels.

You collected 125 gold pieces.

Inventory:

Missiles
 e - 2 curare-tipped darts
 o - a throwing net
Jewellery
 l - an amulet of regeneration
Wands
 b - a wand of flame (15) (quivered)
 c - a wand of charming (10)
 d - a wand of iceblast (5)
Scrolls
 a - 2 scrolls of enchant armour {unknown}
 h - a scroll of immolation {unknown}
 i - 2 scrolls of identify {unknown}
 j - a scroll of summoning {unknown}
 m - a scroll of enchant weapon {unknown}
 n - a scroll of noise {unknown}
 p - a scroll of teleportation {unknown}
Potions
 f - a potion of attraction


   Skills:
 + Level 1.8 Fighting
 - Level 2.3 Dodging
 - Level 1.3 Stealth
 + Level 3.5 Unarmed Combat
 - Level 3.2 Evocations


You had 3 spell levels left.
You didn't know any spells.
Your spell library contained the following spells:

 Spells                   Type           Power      Damage    Failure   Level
 Scorch                   Fire           0%         2d5       38%         2
 Flame Wave               Conj/Fire      0%         2d4       95%         4
 Summon Cactus Giant      Summ           0%         N/A       100%        6


Dungeon Overview and Level Annotations

Branches:
Dungeon (4/15)
 Temple: D:4-7

Altars:
Dithmenos

Shops:
D:1 *

Annotations:
D:4 1 runed translucent door, thorgang's ghost, amateur DsSh


Innate Abilities, Weirdness & Mutations

You cannot wear most types of armour.
You are amphibious.
You can wear up to eight rings at the same time.
Your skin changes colour to match your surroundings (Stealth+).
Your rubbery body absorbs attacks. (AC +1, EV +1)
((You are camouflaged when in or above water. (Stealth+)))
You have tentacles for arms and can constrict up to eight enemies at once.


Message History

You tentacle-slap the scorpion, but do no damage.
You constrict the scorpion. The scorpion stings you.
You are poisoned.
The scorpion poisons you!
You tentacle-slap the scorpion.
The scorpion is lightly wounded.
You constrict the scorpion.
You feel very sick. The scorpion stings you!
You are lethally poisoned!
The scorpion poisons you!
Aiming: Charm
Press: ? - help, Shift-Dir - straight line, f/p - scorpion
Aim: a scorpion (lightly wounded, constricted by you, chance to affect: 57%)
The scorpion resists with significant effort.
You constrict the scorpion, but do no damage.
You feel very sick. The scorpion barely misses you.
Aiming: Charm
Press: ? - help, Shift-Dir - straight line, f/p - scorpion
Aim: a scorpion (lightly wounded, constricted by you, chance to affect: 57%)
The scorpion is charmed.
You release your grip on your scorpion.
* * * LOW HITPOINT WARNING * * *
You feel very sick.
Unknown command.
It was a potion of attraction.
You feel attractive to monsters.
* * * LOW HITPOINT WARNING * * *
You feel very sick.
It was a potion of haste.
You feel yourself speed up.
* * * LOW HITPOINT WARNING * * *
You feel sick.
It was a potion of resistance.
You feel protected.
* * * LOW HITPOINT WARNING * * *
You feel sick.
Okay, then.
Okay, then.
You swap places.
You die...

####...###..#######..## #
#...###..####.##### .
......#.).......#
........#...))...!#
........#.).......#
.......(#(........# ...
#.........# ... ..
#.........# ... ....
#.##...###.@## ...#
.#..##.##...###.s####...###
..............#............
.............#............
.............#............
..##........#............
######........#..........#
....#.........#..........#
....'.........#..........#


You could see a friendly scorpion (charmed).

Vanquished Creatures
  2 gnolls (D:4)
  2 dart slugs
  2 orcs (D:3)
  6 ball pythons
  2 bats (D:1)
  4 endoplasms
  3 giant cockroaches
  2 goblins (D:1)
  2 hobgoblins (D:1)
  4 jackals
  3 quokkas
  3 frilled lizards
  5 kobolds
  5 rats
45 creatures vanquished.

Vanquished Creatures (collateral kills)
  A gnoll (D:4)
  A goblin (D:4)
2 creatures vanquished.

Vanquished Creatures (others)
  A gnoll (D:4)
1 creature vanquished.

Grand Total: 48 creatures vanquished

Notes
Turn   | Place    | Note
-------+----------+-------------------------------------------
     0 | D:1      | H0rd4k the Octopode Artificer began the quest for the Orb.
     0 | D:1      | Reached XP level 1. HP: 13/13 MP: 1/1
    56 | D:1      | Found Etushret's Assorted Antiques.
   112 | D:1      | Reached skill level 1 in Unarmed Combat
   167 | D:1      | Reached XP level 2. HP: 16/18 MP: 2/2
   434 | D:1      | Found a faded altar of an unknown god.
   654 | D:1      | Reached XP level 3. HP: 23/23 MP: 3/3
  1138 | D:3      | Found a shadowy altar of Dithmenos.
  1329 | D:4      | Noticed a scorpion
  1335 | D:4      | Found a runed translucent door.
  1335 | D:4      | Noticed thorgang's ghost (amateur DsSh)
  1339 | D:4      | Reached XP level 4. HP: 22/29 MP: 4/4
  1468 | D:4      | HP: 1/29 [poisoned by a scorpion]
  1469 | D:4      | Succumbed to a scorpion's poison

Illustrated notes

Levels and vault maps discovered:
D:1:      minmay_arrival_split_and_join, layout_basic,
          shapermc_ecumenical_altar_hornbeckon, serial_shops, shop
D:2:      layout_basic, uniq_crazy_yiuf_cottage, uniq_jessica
D:3:      layout_basic, lemuel_doored_altar, grunt_decor_arrowhead,
          kennysheep_minor_cross
D:4:      layout_gridville, mainiacjoe_overflow_small_starburst,
          gammafunk_ghost_grave

Skill      XL: |  1  2  3 |
---------------+----------+-----
Unarmed Combat | 1 2 3 |  3.5
Fighting       | |  1.8
Dodging        | |  2.3
Stealth        | |  1.3
Evocations     | |  3.2

Action                     |  1- 3 |  4- 6 || total
---------------------------+-------+-------++-------
  Melee: Unarmed           |    94 |    11 ||   105
         Constrict         |    23 |     3 ||    26
         Tentacles         |    17 |     1 ||    18
         Punch             |     3 |     1 ||     4
  Evoke: Wand              |     1 |     4 ||     5
    Use: Potion            |       |     3 ||     3
   Stab: Sleeping          |     9 |       ||     9
 Armour: Skin              |    32 |     6 ||    38
  Dodge: Dodged            |    45 |     7 ||    52
